AoeStats
← Unknown

Arena

505984358Analyzed
2v2 RM · 21d ago on Sep 11, 2026· 41m 57s· 4 players
Game mode
Random Map
Map size
Medium (4 player)
Population
200
Speed
Normal
Resources
Standard
Victory
Conquest
Starting age
Dark Age
Ending age
Imperial Age
RankedLock teamsTeams togetherTeam positionsShared explorationLock speedFull tech treeHidden civsTurbo modeCheats
Victory
Defeat
🇲🇽 Goths · Mexico
1236
+16
1218
+39
🇩🇪 Celts · Germany
1249
-17
🇵🇪 Huns · Peru
1222
-16
Don Cath!
10:58 Feudal Age
14:45 Castle Age
13:00 Double-Bit Axe
13:22 Horse Collar
14:24 Forging
15:47 Man-at-Arms
18:07 Gambesons
19:56 Iron Casting
23:43 Heavy Plow
25:02 Wheelbarrow
24:18 Town Watch
26:17 Bow Saw
31:16 Imperial Age
29:32 Gold Mining
30:22 Ballistics
31:20 Fletching
35:42 Loom
40:15 Siege Engineers
Unknown
10:37 Feudal Age
14:32 Castle Age
12:26 Double-Bit Axe
12:42 Horse Collar
15:23 Bow Saw
15:15 Heavy Plow
21:37 Wheelbarrow
27:19 Imperial Age
25:40 Marauders
25:54 Loom
26:27 Scale Barding Armor
26:33 Forging
27:53 Husbandry
28:18 Elite Tarkan
29:35 Hand Cart
29:06 Town Watch
30:00 Chain Barding Armor
30:15 Iron Casting
29:56 Bloodlines
30:13 Town Patrol
31:08 Iron Casting
32:06 Plate Barding Armor
33:34 Blast Furnace
Poncho´s S.A. de C.V.
12:46 Feudal Age
13:46 Horse Collar
17:04 Castle Age
15:44 Double-Bit Axe
18:11 Wheelbarrow
18:10 Bow Saw
18:01 Heavy Plow
19:15 Hand Cart
20:26 Fervor
22:21 Sanctity
24:39 Town Watch
24:42 Loom
26:13 Redemption
30:51 Imperial Age
29:58 Chemistry
32:57 Treadmill Crane
33:04 Pikeman
33:53 Scale Mail Armor
34:04 Forging
34:10 Halberdier
35:32 Chain Mail Armor
35:52 Iron Casting
PROFE SIN CLAN
11:03 Feudal Age
11:51 Double-Bit Axe
11:52 Horse Collar
14:44 Loom
17:29 Castle Age
16:05 Gold Mining
18:50 Scale Mail Armor
19:01 Man-at-Arms
20:02 Chain Mail Armor
20:32 Forging
21:39 Wheelbarrow
21:11 Long Swordsman
23:47 Forging
27:12 Iron Casting
26:47 Stone Mining
28:29 Bow Saw
28:21 Heavy Plow
28:56 Town Watch
31:59 Squires
32:38 Hand Cart
32:25 Town Patrol
35:56 Imperial Age
34:05 Fletching
35:56 Pikeman
36:06 Two-Handed Swordsman
36:51 Capped Ram
37:04 Halberdier
38:05 Perfusion
38:25 Conscription
39:09 Stone Shaft Mining
38:31 Champion
42:41 Blast Furnace
Connection lost

Rejoining the realm…

Still unreachable

The connection could not be restored.

Session expired

The server has moved on; the page needs a fresh start.